Patriotes vs Harfangs

Created - 6 février 2016 at 18:59

Goals
1 2 3 T
Patriotes 1 2 1 4
Harfangs 3 1 2 6
Shots
1 2 3 T
Patriotes 11 14 13 38
Harfangs 14 6 11 31

1st period

1. Patriotes , Zenon Konopka 15 (Andrew Gordon, A.J Thelen) at 2:00
2. Harfangs , Victor Bartley 4 (Chris Kreider, Alexandre Picard) at 9:35 (PP)
3. Harfangs , Chris Kreider 29 (Mats Zuccarello) at 10:39
4. Harfangs , Peter Olvecky 13 (Alex Killorn, Andrew Orpik) at 16:05

Penalties :
Ryan Wilson (Nyc) for Diving (Minor) at 9:19, Alex Killorn (BEA) for Hooking (Minor) at 13:50, Andrew Gordon (Nyc) for Tripping (Minor) at 19:53

2nd period

5. Harfangs , Mats Zuccarello 17 (Chris Kreider) at 0:25 (PP)
6. Patriotes , Zenon Konopka 16 (Joe Charlebois) at 7:10
7. Patriotes , Zack Stortini 3 (A.J Thelen, Matt Calvert) at 13:23

Penalties :
Joakim Andersson (Nyc) for Hooking (Minor) at 9:08

3rd period

8. Harfangs , Brian Lashoff 2 (Peter Olvecky, Petri Kontiola) at 2:25 (PP)
9. Patriotes , Matt Calvert 12 (Brett Skinner, Ryan Wilson) at 3:21
10. Harfangs , Tomas Tatar 11 (Mike Hoffman, Andrew Orpik) at 7:11

Penalties :
Melker Karlsson (Nyc) for Roughing (Minor) at 2:05, Ryan Wilson (Nyc) for Slashing (Minor) at 4:53, Brian Lashoff (BEA) for Holding (Minor) at 14:50, Victor Bartley (BEA) for Interference (Minor) at 18:16, Fedor Fedorov (Nyc) for Elbowing (Minor) at 18:20

Goalie Stats

Marek Schwarz (Nyc), 11 saves from 15 shots - (0,733), 20:25 minutes
Jason Missiaen (Nyc), 14 saves from 16 shots - (0,875), L, 2-4-1, 39:35 minutes
Jeremy Duchesne (BEA), 34 saves from 38 shots - (0,895), W, 10-8-3, 60:00 minutes

Players Stats for Patriotes

Player Name              G  A  P  +/- PIM S  H  SB GA TA FO     MP     PP MP  PK MP  
------------------------------------------------------------------------------------
A.J Thelen               0  2  2   1  0   3  0  0  3  0  0/0    26:34   2:13   3:21 
Andreas Nodl             0  0  0  -1  0   4  0  1  4  0  5/9    23:05   2:06   3:20 
Andrew Gordon            0  1  1   2  2   4  2  0  0  0  0/2    17:54   1:52   2:47 
Anthony Bitetto          0  0  0   0  0   0  0  0  0  0  0/0     4:50   0:00   0:00 
Austin Watson            0  0  0   0  0   0  0  0  0  0  0/0     0:00   0:00   0:00 
Brett Skinner            0  1  1   0  0   4  1  1  0  2  0/0    18:34   1:49   1:45 
Christian Hanson         0  0  0  -1  0   2  1  2  0  1  15/35  20:20   2:06   1:11 
Dale Weise               0  0  0   0  0   0  0  0  0  0  0/0     8:28   0:00   0:00 
Dwight King              0  0  0   2  0   2  4  0  2  0  0/0    14:13   1:52   0:00 
Fedor Fedorov            0  0  0  -1  2   4  4  1  0  0  2/3    19:51   2:05   1:02 
Jared Knight             0  0  0   0  0   0  0  0  0  0  0/0     1:54   0:00   1:19 
Joakim Andersson         0  0  0   1  2   0  1  0  0  0  1/1     6:55   0:04   0:00 
Joe Charlebois           0  1  1   0  0   0  0  2  0  0  0/0    10:51   0:00   0:49 
Jordan Samuels-Thomas    0  0  0   0  0   0  0  0  0  0  0/0     9:11   0:00   0:33 
Matt Calvert             1  1  2   0  0   1  0  0  0  0  0/0    10:36   0:00   0:00 
Melker Karlsson          0  0  0   0  2   3  0  0  1  0  1/4     8:27   0:00   0:00 
Nigel Williams           0  0  0   0  0   0  0  0  0  0  0/0     4:50   0:00   0:00 
Ryan Spooner             0  0  0   0  0   0  0  0  0  0  1/2     1:40   0:04   0:00 
Ryan White               0  0  0  -1  0   0  0  0  1  0  1/2     4:49   0:00   0:00 
Ryan Wilson              0  1  1   0  4   2  0  3  0  2  0/0    17:44   1:49   0:56 
Stephen Johns            0  0  0   0  0   0  0  0  0  0  0/0     0:00   0:00   0:00 
Timothy Kunes            0  0  0   0  0   1  1  3  0  0  0/0    10:02   0:00   0:00 
Tyler Myers              0  0  0   1  0   1  3  2  2  3  0/0    26:34   2:13   3:21 
Zack Stortini            1  0  1   0  0   1  1  2  0  0  0/0    11:34   0:04   0:00 
Zenon Konopka            2  0  2   2  0   6  1  0  0  0  5/11   14:13   1:52   0:00 

Players Stats for Harfangs

Player Name              G  A  P  +/- PIM S  H  SB GA TA FO     MP     PP MP  PK MP  
------------------------------------------------------------------------------------
Alex Killorn             0  1  1   2  2   1  3  0  1  1  8/15   17:29   2:32   0:55 
Alexandre Picard         0  1  1  -3  0   0  1  2  2  1  0/0    26:40   2:28   2:33 
Andrew Orpik             0  2  2   0  0   4  1  2  0  2  0/0    28:09   2:38   2:06 
Brandon Pirri            0  0  0  -1  0   0  2  0  0  2  7/14   13:17   0:00   0:47 
Brian Lashoff            1  0  1   2  2   1  0  1  0  3  0/0    17:11   2:38   0:50 
Calle Jarnkrok           0  0  0   0  0   1  1  0  1  0  7/11   13:21   0:00   0:30 
Cam Fowler               0  0  0   0  0   0  1  3  0  0  0/0    16:34   0:00   0:39 
Chris Kreider            1  2  3   1  0   3  0  0  2  0  0/1    15:45   2:32   0:16 
Dustin Jeffrey           0  0  0  -2  0   0  0  1  0  2  0/1    11:40   0:00   0:00 
Mats Zuccarello          1  1  2   1  0   2  3  0  0  0  0/0    17:27   2:32   1:56 
Michal Repik             0  0  0  -1  0   1  0  0  0  0  0/0    12:09   0:00   0:00 
Mike Hoffman             0  1  1   0  0   2  1  0  0  0  2/3    12:07   0:00   0:00 
Peter Olvecky            1  1  2   0  0   8  1  0  1  1  0/0    16:48   2:34   1:50 
Petri Kontiola           0  1  1  -1  0   0  1  0  0  0  12/20  17:13   2:34   1:50 
Reid McNeill             0  0  0   0  0   0  0  0  0  0  0/0    15:00   0:00   0:00 
Stefan Ruzicka           0  0  0  -2  0   3  2  1  0  0  0/0    15:30   2:34   0:00 
Tomas Tatar              1  0  1   0  0   2  1  1  1  0  2/4    12:07   0:00   0:00 
Victor Bartley           1  0  1  -1  2   3  3  1  0  1  0/0    15:49   2:28   1:56 

3 Stars

1 - Zenon Konopka (Nyc)
2 - Chris Kreider (BEA)
3 - Mats Zuccarello (BEA)

Power Play

Patriotes - 0 on 3 Attempt(s) - 0,00%
Harfangs - 3 on 6 Attempt(s) - 50,00%

Penalty Kill

Patriotes - 3 on 6 Attempt(s) - 50,00% - Score 0 goal in Penalty Kill
Harfangs - 3 on 3 Attempt(s) - 100,00% - Score 0 goal in Penalty Kill

Team Stat

Patriotes - Hits : 19 - Faceoff Wins : 31 - Blocked Shots : 17 - Penalty Minutes : 12
Harfangs - Hits : 21 - Faceoff Wins : 38 - Blocked Shots : 12 - Penalty Minutes : 6

Official

Referees : Morton Dean and Auger Stephane
Linesman : Tony Sericolo and Derek Nansen

Game Notes

Jason Missiaen enters game at 0:25 of 2nd period
Ryan White is injured at 8:03 of 2nd period (Torn Right Knee Ligaments)

Finance

Level 1 -- Attendance: 1573 (78,65%) -- Ticket Income 47 190 $
Level 2 -- Attendance: 784 (78,40%) -- Ticket Income 11 760 $
Total Attendance: 2357 (78,57%)
Total Ticket Income: 58 950 $
Other Income: 2 948 $
Total Income: 61 898 $

Patriotes

5 vs 5 Forward 
   Center                   Left Wing                Right Wing               Time % Phy DF OF 
 1 Christian Hanson         Fedor Fedorov            Andreas Nodl             40     1   2  2  
 2 Zenon Konopka            Dwight King              Andrew Gordon            30     1   2  2  
 3 Ryan White               Matt Calvert             Zack Stortini            20     1   2  2  
 4 Melker Karlsson          Jordan Samuels-Thomas    Dale Weise               10     1   2  2  

5 vs 5 Defense 
   Defense                  Defense                                           Time % Phy DF OF 
 1 Tyler Myers              A.J Thelen                                        40     1   2  2  
 2 Brett Skinner            Ryan Wilson                                       30     1   2  2  
 3 Joe Charlebois           Timothy Kunes                                     20     1   2  2  
 4 Nigel Williams           Anthony Bitetto                                   10     1   2  2  

PowerPlay Forward 
   Center                   Left Wing                Right Wing               Time % Phy DF OF 
 1 Christian Hanson         Fedor Fedorov            Andreas Nodl             60     1   2  2  
 2 Zenon Konopka            Dwight King              Andrew Gordon            40     1   2  2  

PowerPlay Defense
   Defense                  Defense                                           Time % Phy DF OF 
 1 Tyler Myers              A.J Thelen                                        60     1   2  2  
 2 Brett Skinner            Ryan Wilson                                       40     1   2  2  

Penalty Kill 4 Players Forward 
   Center                   Wing                     Time % Phy DF OF 
 1 Andreas Nodl             Andrew Gordon            60     1   2  2  
 2 Fedor Fedorov            Christian Hanson         40     1   2  2  

Penalty Kill 4 Players Defense
   Defense                  Defense                  Time % Phy DF OF 
 1 Tyler Myers              A.J Thelen               60     1   2  2  
 2 Brett Skinner            Ryan Wilson              40     1   2  2  

Penalty Kill - 3 Players Forward 
   Forward                                           Time % Phy DF OF 
 1 Andreas Nodl                                      60     1   2  2  
 2 Andrew Gordon                                     40     1   2  2  

Penalty Kill - 3 Players Defense
   Defense                  Defense                  Time % Phy DF OF 
 1 Tyler Myers              A.J Thelen               60     1   2  2  
 2 Brett Skinner            Ryan Wilson              40     1   2  2  

4 vs 4 Forward 
   Center                   Wing                     Time % Phy DF OF 
 1 Andreas Nodl             Andrew Gordon            60     1   2  2  
 2 Fedor Fedorov            Christian Hanson         40     1   2  2  

4 vs 4 Defense
   Defense                  Defense                  Time % Phy DF OF 
 1 Tyler Myers              A.J Thelen               60     1   2  2  
 2 Brett Skinner            Ryan Wilson              40     1   2  2  

Last Minutes Offensive
   Center                   Left Wing                Right Wing               Defense                  Defense                  
   Christian Hanson         Fedor Fedorov            Andreas Nodl             Tyler Myers              A.J Thelen               

Last Minutes Defensive
   Center                   Left Wing                Right Wing               Defense                  Defense                  
   Christian Hanson         Fedor Fedorov            Andreas Nodl             Tyler Myers              A.J Thelen               

Goaltenders
Starting : Marek Schwarz            
Backup : Jason Missiaen           

Extra Forwards
Normal : Joakim Andersson, Ryan Spooner, Jared Knight - PP : Joakim Andersson, Ryan Spooner - PK : Jared Knight
Extra Defensemen
Normal : Stephen Johns, Joe Charlebois, Timothy Kunes - PP : Stephen Johns - PK : Joe Charlebois, Timothy Kunes
Penalty Shots
Andreas Nodl, Andrew Gordon, Fedor Fedorov, Christian Hanson, Zenon Konopka

Harfangs

5 vs 5 Forward 
   Center                   Left Wing                Right Wing               Time % Phy DF OF 
 1 Alex Killorn             Chris Kreider            Mats Zuccarello          25     1   2  2  
 2 Petri Kontiola           Dustin Jeffrey           Stefan Ruzicka           25     1   2  2  
 3 Calle Jarnkrok           Tomas Tatar              Mike Hoffman             25     1   2  2  
 4 Brandon Pirri            Peter Olvecky            Michal Repik             25     1   2  2  

5 vs 5 Defense 
   Defense                  Defense                                           Time % Phy DF OF 
 1 Alexandre Picard         Victor Bartley                                    25     1   2  2  
 2 Brian Lashoff            Andrew Orpik                                      25     1   2  2  
 3 Cam Fowler               Reid McNeill                                      25     0   3  2  
 4 Alexandre Picard         Andrew Orpik                                      25     1   2  2  

PowerPlay Forward 
   Center                   Left Wing                Right Wing               Time % Phy DF OF 
 1 Alex Killorn             Chris Kreider            Mats Zuccarello          50     1   2  2  
 2 Petri Kontiola           Peter Olvecky            Stefan Ruzicka           50     1   2  2  

PowerPlay Defense
   Defense                  Defense                                           Time % Phy DF OF 
 1 Alexandre Picard         Victor Bartley                                    50     1   2  2  
 2 Andrew Orpik             Brian Lashoff                                     50     1   2  2  

Penalty Kill 4 Players Forward 
   Center                   Wing                     Time % Phy DF OF 
 1 Petri Kontiola           Peter Olvecky            50     1   2  2  
 2 Alex Killorn             Mats Zuccarello          50     1   2  2  

Penalty Kill 4 Players Defense
   Defense                  Defense                  Time % Phy DF OF 
 1 Alexandre Picard         Victor Bartley           50     1   2  2  
 2 Brian Lashoff            Andrew Orpik             50     1   2  2  

Penalty Kill - 3 Players Forward 
   Forward                                           Time % Phy DF OF 
 1 Petri Kontiola                                    50     1   2  2  
 2 Alex Killorn                                      50     1   2  2  

Penalty Kill - 3 Players Defense
   Defense                  Defense                  Time % Phy DF OF 
 1 Alexandre Picard         Victor Bartley           50     1   2  2  
 2 Brian Lashoff            Andrew Orpik             50     1   2  2  

4 vs 4 Forward 
   Center                   Wing                     Time % Phy DF OF 
 1 Alex Killorn             Chris Kreider            50     1   2  2  
 2 Petri Kontiola           Stefan Ruzicka           50     1   2  2  

4 vs 4 Defense
   Defense                  Defense                  Time % Phy DF OF 
 1 Alexandre Picard         Victor Bartley           50     1   2  2  
 2 Andrew Orpik             Brian Lashoff            50     1   2  2  

Last Minutes Offensive
   Center                   Left Wing                Right Wing               Defense                  Defense                  
   Petri Kontiola           Chris Kreider            Mats Zuccarello          Alexandre Picard         Andrew Orpik             

Last Minutes Defensive
   Center                   Left Wing                Right Wing               Defense                  Defense                  
   Petri Kontiola           Chris Kreider            Mats Zuccarello          Brian Lashoff            Andrew Orpik             

Goaltenders
Starting : Jeremy Duchesne          
Backup : Darcy Kuemper            

Extra Forwards
Normal : Stefan Ruzicka, Chris Kreider, Mats Zuccarello - PP : Stefan Ruzicka, Chris Kreider - PK : Mats Zuccarello
Extra Defensemen
Normal : Alexandre Picard, Andrew Orpik, Victor Bartley - PP : Andrew Orpik - PK : Alexandre Picard, Victor Bartley
Penalty Shots
Mats Zuccarello, Tomas Tatar, Petri Kontiola, Dustin Jeffrey, Peter Olvecky

% Time on Ice - Patriotes

Lines # - Real PCT - Wanted PCT - Time Play
Normal Forward
1 - 36% - 40% - 17:48
2 - 25% - 30% - 12:21
3 - 22% - 20% - 10:36
4 - 17% - 10% - 8:28
Normal Defense
1 - 40% - 40% - 19:53
2 - 29% - 30% - 14:28
3 - 20% - 20% - 10:02
4 - 10% - 10% - 4:50
PP Forward
1 - 54% - 60% - 2:10
2 - 46% - 40% - 1:52
PP Defense
1 - 55% - 60% - 2:13
2 - 45% - 40% - 1:49
PK Forward
1 - 80% - 60% - 4:04
2 - 20% - 40% - 1:02
PK Defense
1 - 66% - 60% - 3:21
2 - 34% - 40% - 1:45
PK3 Forward
1 - 0% - 60%
2 - 0% - 40%
PK3 Defense
1 - 0% - 60%
2 - 0% - 40%
44 Forward
1 - 81% - 60% - 1:20
2 - 19% - 40% - 0:19
44 Defense
1 - 68% - 60% - 1:07
2 - 32% - 40% - 0:32
Last Minute Offensive  - 0:00
Last Minute Defensive  - 0:00
Total
Forward - 60:00
Defense - 60:00

% Time on Ice - Harfangs

Lines # - Real PCT - Wanted PCT - Time Play
Normal Forward
1 - 25% - 25% - 12:22
2 - 26% - 25% - 12:35
3 - 25% - 25% - 12:07
4 - 25% - 25% - 12:09
Normal Defense
1 - 23% - 25% - 11:26
2 - 25% - 25% - 12:14
3 - 32% - 25% - 15:44
4 - 20% - 25% - 9:49
PP Forward
1 - 50% - 50% - 2:32
2 - 50% - 50% - 2:34
PP Defense
1 - 48% - 50% - 2:28
2 - 52% - 50% - 2:38
PK Forward
1 - 45% - 50% - 1:50
2 - 55% - 50% - 2:12
PK Defense
1 - 48% - 50% - 1:56
2 - 52% - 50% - 2:06
PK3 Forward
1 - 0% - 50%
2 - 0% - 50%
PK3 Defense
1 - 0% - 50%
2 - 0% - 50%
44 Forward
1 - 48% - 50% - 0:48
2 - 52% - 50% - 0:51
44 Defense
1 - 61% - 50% - 1:00
2 - 39% - 50% - 0:39
Last Minute Offensive  - 0:00
Last Minute Defensive  - 0:00
Total
Forward - 60:00
Defense - 60:00

Play by Play

1st period


0:01 of 1st period - Christian Hanson wins face-off versus Alex Killorn in neutral zone.
0:32 of 1st period - Slapshot by Matt Calvert.
0:32 of 1st period - Shot Misses the Net.
0:56 of 1st period - Snap shot by Mats Zuccarello.
0:56 of 1st period - Shot Misses the Net.
0:58 of 1st period - Wrist shot by Chris Kreider.
0:58 of 1st period - Shot Blocked by Zack Stortini.
1:04 of 1st period - Wrist shot by Chris Kreider.
1:04 of 1st period - Shot Blocked by Ryan Wilson.
1:12 of 1st period - Slapshot by Mats Zuccarello.
1:12 of 1st period - Deflect By Chris Kreider.
1:12 of 1st period - Shot Misses the Net.
1:12 of 1st period - Puck is out of play.
1:13 of 1st period - Zenon Konopka wins face-off versus Dustin Jeffrey in Patriotes zone.
1:13 of 1st period - Zenon Konopka is hit by Petri Kontiola.
1:25 of 1st period - Slapshot by Andrew Gordon.
1:25 of 1st period - Shot Misses the Net.
1:27 of 1st period - Wrist shot by Joe Charlebois.
1:27 of 1st period - Deflect By Zenon Konopka.
1:27 of 1st period - Shot Blocked by Brian Lashoff.
1:27 of 1st period - Puck is out of play.
1:28 of 1st period - Mike Hoffman wins face-off versus Christian Hanson in Harfangs zone.
1:43 of 1st period - Snap shot by Andreas Nodl.
1:43 of 1st period - Shot Blocked by Tomas Tatar.
2:00 of 1st period - Wrist shot by Zenon Konopka.
2:00 of 1st period - Goal by Zenon Konopka - Patriotes : 1 - Harfangs : 0.
2:01 of 1st period - Brandon Pirri wins face-off versus Melker Karlsson in neutral zone.
2:04 of 1st period - Snap shot by Peter Olvecky.
2:04 of 1st period - Stopped by Marek Schwarz without a rebound.
2:05 of 1st period - Melker Karlsson wins face-off versus Brandon Pirri in Patriotes zone.
2:12 of 1st period - Slapshot by Melker Karlsson.
2:12 of 1st period - Stopped by Jeremy Duchesne without a rebound.
2:13 of 1st period - Petri Kontiola wins face-off versus Christian Hanson in Harfangs zone.
2:13 of 1st period - Petri Kontiola is hit by Fedor Fedorov.
2:48 of 1st period - Slapshot by Tomas Tatar.
2:48 of 1st period - Shot Misses the Net.
3:28 of 1st period - A.J Thelen is hit by Mats Zuccarello and loses puck.
3:49 of 1st period - Snap shot by Christian Hanson.
3:49 of 1st period - Shot Blocked by Dustin Jeffrey.
4:25 of 1st period - Backhand shot by Peter Olvecky.
4:25 of 1st period - Stopped by Marek Schwarz without a rebound.
4:26 of 1st period - Christian Hanson wins face-off versus Brandon Pirri in Patriotes zone.
4:51 of 1st period - Alexandre Picard is hit by Dwight King and loses puck.
5:25 of 1st period - Wrist shot by Alexandre Picard.
5:25 of 1st period - Shot Misses the Net.
5:27 of 1st period - Snap shot by Calle Jarnkrok.
5:27 of 1st period - Stopped by Marek Schwarz without a rebound.
5:28 of 1st period - Christian Hanson wins face-off versus Brandon Pirri in Patriotes zone.
6:52 of 1st period - A.J Thelen is hit by Brandon Pirri and loses puck.
6:57 of 1st period - Wrist shot by Peter Olvecky.
6:57 of 1st period - Stopped by Marek Schwarz with a rebound.
7:03 of 1st period - Snap shot by Michal Repik.
7:03 of 1st period - Shot Misses the Net.
7:20 of 1st period - Dwight King is hit by Mike Hoffman and loses puck.
8:40 of 1st period - Off-side.
8:41 of 1st period - Zenon Konopka wins face-off versus Calle Jarnkrok in neutral zone.
8:44 of 1st period - Wrist shot by Andrew Gordon.
8:44 of 1st period - Shot Blocked by Cam Fowler.
8:46 of 1st period - Snap shot by Andrew Gordon.
8:46 of 1st period - Shot Misses the Net.
8:48 of 1st period - Wrist shot by Brett Skinner.
8:48 of 1st period - Deflect By Mike Hoffman.
8:48 of 1st period - Stopped by Jeremy Duchesne with a rebound.
8:50 of 1st period - Wrist shot by Andrew Gordon.
8:50 of 1st period - Stopped by Jeremy Duchesne without a rebound.
8:51 of 1st period - Petri Kontiola wins face-off versus Christian Hanson in Harfangs zone.
9:00 of 1st period - Snap shot by Fedor Fedorov.
9:00 of 1st period - Stopped by Jeremy Duchesne without a rebound.
9:01 of 1st period - Petri Kontiola wins face-off versus Christian Hanson in Harfangs zone.
9:19 of 1st period - Minor Penalty to Ryan Wilson for Diving.
9:20 of 1st period - Andreas Nodl wins face-off versus Alex Killorn in Patriotes zone.
9:20 of 1st period - Andreas Nodl is hit by Alex Killorn.
9:33 of 1st period - Snap shot by Chris Kreider.
9:33 of 1st period - Stopped by Marek Schwarz with a rebound.
9:35 of 1st period - Slapshot by Victor Bartley.
9:35 of 1st period - Goal by Victor Bartley - Patriotes : 1 - Harfangs : 1.
9:36 of 1st period - Calle Jarnkrok wins face-off versus Christian Hanson in neutral zone.
9:41 of 1st period - Wrist shot by Tomas Tatar.
9:41 of 1st period - Shot Misses the Net.
9:43 of 1st period - Wrist shot by Tomas Tatar.
9:43 of 1st period - Shot Misses the Net.
9:45 of 1st period - Slapshot by Andrew Orpik.
9:45 of 1st period - Deflect By Calle Jarnkrok.
9:45 of 1st period - Shot Blocked by Ryan Wilson.
9:45 of 1st period - Puck is out of play.
9:46 of 1st period - Calle Jarnkrok wins face-off versus Christian Hanson in Patriotes zone.
9:47 of 1st period - Snap shot by Tomas Tatar.
9:47 of 1st period - Shot Misses the Net.
9:49 of 1st period - Backhand shot by Mike Hoffman.
9:49 of 1st period - Deflect By Tomas Tatar.
9:49 of 1st period - Stopped by Marek Schwarz with a rebound.
9:51 of 1st period - Wrist shot by Mike Hoffman.
9:51 of 1st period - Shot Misses the Net.
9:53 of 1st period - Slapshot by Andrew Orpik.
9:53 of 1st period - Stopped by Marek Schwarz without a rebound.
9:54 of 1st period - Christian Hanson wins face-off versus Alex Killorn in Patriotes zone.
10:04 of 1st period - Off-side.
10:05 of 1st period - Zenon Konopka wins face-off versus Brandon Pirri in neutral zone.
10:14 of 1st period - Slapshot by Peter Olvecky.
10:14 of 1st period - Shot Blocked by Timothy Kunes.
10:16 of 1st period - Snap shot by Peter Olvecky.
10:16 of 1st period - Shot Blocked by Timothy Kunes.
10:30 of 1st period - Timothy Kunes is hit by Mats Zuccarello and loses puck.
10:39 of 1st period - Wrist shot by Chris Kreider.
10:39 of 1st period - Goal by Chris Kreider - Patriotes : 1 - Harfangs : 2.
10:40 of 1st period - Christian Hanson wins face-off versus Calle Jarnkrok in neutral zone.
11:06 of 1st period - Peter Olvecky is hit by Dwight King and loses puck.
11:29 of 1st period - Wrist shot by Matt Calvert.
11:29 of 1st period - Deflect By Zack Stortini.
11:29 of 1st period - Shot Misses the Net.
11:29 of 1st period - Puck is out of play.
11:30 of 1st period - Ryan White wins face-off versus Chris Kreider in Harfangs zone.
12:39 of 1st period - Off-side.
12:40 of 1st period - Brandon Pirri wins face-off versus Melker Karlsson in neutral zone.
12:49 of 1st period - Slapshot by Andrew Orpik.
12:49 of 1st period - Shot Misses the Net.
13:04 of 1st period - Snap shot by Peter Olvecky.
13:04 of 1st period - Shot Blocked by Tyler Myers.
13:26 of 1st period - Tyler Myers is hit by Victor Bartley and loses puck.
13:39 of 1st period - Wrist shot by Peter Olvecky.
13:39 of 1st period - Stopped by Marek Schwarz without a rebound.
13:40 of 1st period - Christian Hanson wins face-off versus Alex Killorn in Patriotes zone.
13:50 of 1st period - Minor Penalty to Alex Killorn for Hooking.
13:51 of 1st period - Christian Hanson wins face-off versus Brandon Pirri in Harfangs zone.
15:43 of 1st period - Petri Kontiola is hit by Andrew Gordon and loses puck.
15:50 of 1st period - Penalty to Alex Killorn is over, Alex Killorn is back on ice.
16:05 of 1st period - Wrist shot by Peter Olvecky.
16:05 of 1st period - Goal by Peter Olvecky - Patriotes : 1 - Harfangs : 3.
16:06 of 1st period - Christian Hanson wins face-off versus Mike Hoffman in neutral zone.
16:08 of 1st period - Off-side.
16:09 of 1st period - Fedor Fedorov wins face-off versus Tomas Tatar in neutral zone.
16:11 of 1st period - Off-side.
16:12 of 1st period - Christian Hanson wins face-off versus Calle Jarnkrok in neutral zone.
16:15 of 1st period - Wrist shot by Fedor Fedorov.
16:15 of 1st period - Shot Blocked by Cam Fowler.
16:17 of 1st period - Slapshot by Tyler Myers.
16:17 of 1st period - Shot Misses the Net.
16:19 of 1st period - Slapshot by A.J Thelen.
16:19 of 1st period - Deflect By Cam Fowler.
16:19 of 1st period - Stopped by Jeremy Duchesne with a rebound.
16:21 of 1st period - Slapshot by A.J Thelen.
16:21 of 1st period - Shot Misses the Net.
16:23 of 1st period - Backhand shot by Fedor Fedorov.
16:23 of 1st period - Shot Misses the Net.
17:04 of 1st period - Icing by Ryan White.
17:05 of 1st period - Calle Jarnkrok wins face-off versus Ryan White in Patriotes zone.
17:06 of 1st period - Slapshot by Alexandre Picard.
17:06 of 1st period - Shot Blocked by Brett Skinner.
17:08 of 1st period - Slapshot by Andrew Orpik.
17:08 of 1st period - Deflect By Mike Hoffman.
17:08 of 1st period - Stopped by Marek Schwarz without a rebound.
17:09 of 1st period - Calle Jarnkrok wins face-off versus Christian Hanson in Patriotes zone.
17:12 of 1st period - Slapshot by Mike Hoffman.
17:12 of 1st period - Stopped by Marek Schwarz with a rebound.
17:22 of 1st period - Backhand shot by Andrew Orpik.
17:22 of 1st period - Deflect By Andreas Nodl.
17:22 of 1st period - Stopped by Marek Schwarz with a rebound.
18:17 of 1st period - Slapshot by Ryan Wilson.
18:17 of 1st period - Stopped by Jeremy Duchesne without a rebound.
18:18 of 1st period - Brandon Pirri wins face-off versus Melker Karlsson in Harfangs zone.
18:43 of 1st period - Michal Repik is hit by Brett Skinner and loses puck.
19:06 of 1st period - Slapshot by Brett Skinner.
19:06 of 1st period - Deflect By Melker Karlsson.
19:06 of 1st period - Stopped by Jeremy Duchesne without a rebound.
19:07 of 1st period - Christian Hanson wins face-off versus Petri Kontiola in Harfangs zone.
19:08 of 1st period - Snap shot by Andreas Nodl.
19:08 of 1st period - Stopped by Jeremy Duchesne with a rebound.
19:10 of 1st period - Slapshot by A.J Thelen.
19:10 of 1st period - Shot Misses the Net.
19:12 of 1st period - Slapshot by A.J Thelen.
19:12 of 1st period - Shot Blocked by Stefan Ruzicka.
19:14 of 1st period - Wrist shot by Christian Hanson.
19:14 of 1st period - Stopped by Jeremy Duchesne without a rebound.
19:15 of 1st period - Petri Kontiola wins face-off versus Christian Hanson in Harfangs zone.
19:34 of 1st period - Andrew Orpik is hit by Christian Hanson and loses puck.
19:41 of 1st period - Wrist shot by Christian Hanson.
19:41 of 1st period - Shot Misses the Net.
19:43 of 1st period - Snap shot by Fedor Fedorov.
19:43 of 1st period - Stopped by Jeremy Duchesne without a rebound.
19:44 of 1st period - Tomas Tatar wins face-off versus Zenon Konopka in Harfangs zone.
19:44 of 1st period - Tomas Tatar is hit by Dwight King.
19:53 of 1st period - Minor Penalty to Andrew Gordon for Tripping.
19:54 of 1st period - Petri Kontiola wins face-off versus Andreas Nodl in Patriotes zone.
Goals for this period are 1 for Patriotes vs 3 for Harfangs.
Shots for this period are 11 for Patriotes vs 14 for Harfangs.

2nd period


0:01 of 2nd period - Petri Kontiola wins face-off versus Andreas Nodl in neutral zone.
0:25 of 2nd period - Snap shot by Mats Zuccarello.
0:25 of 2nd period - Goal by Mats Zuccarello - Patriotes : 1 - Harfangs : 4.
0:25 of 2nd period - Jason Missiaen enters game.
0:26 of 2nd period - Christian Hanson wins face-off versus Alex Killorn in neutral zone.
0:29 of 2nd period - Mats Zuccarello is hit by Tyler Myers and loses puck.
0:58 of 2nd period - Snap shot by Andrew Gordon.
0:58 of 2nd period - Stopped by Jeremy Duchesne with a rebound.
1:00 of 2nd period - Slapshot by Andrew Gordon.
1:00 of 2nd period - Stopped by Jeremy Duchesne without a rebound.
1:01 of 2nd period - Calle Jarnkrok wins face-off versus Zenon Konopka in Harfangs zone.
1:10 of 2nd period - Wrist shot by Zenon Konopka.
1:10 of 2nd period - Stopped by Jeremy Duchesne with a rebound.
1:12 of 2nd period - Backhand shot by Dwight King.
1:12 of 2nd period - Stopped by Jeremy Duchesne with a rebound.
1:14 of 2nd period - Snap shot by Zenon Konopka.
1:14 of 2nd period - Shot Blocked by Cam Fowler.
1:16 of 2nd period - Slapshot by Brett Skinner.
1:16 of 2nd period - Stopped by Jeremy Duchesne with a rebound.
1:28 of 2nd period - Christian Hanson is hit by Mats Zuccarello.
2:06 of 2nd period - Slapshot by Andrew Gordon.
2:06 of 2nd period - Shot Misses the Net.
2:08 of 2nd period - Slapshot by Tyler Myers.
2:08 of 2nd period - Deflect By Andrew Gordon.
2:08 of 2nd period - Shot Misses the Net.
2:08 of 2nd period - Puck is out of play.
2:09 of 2nd period - Alex Killorn wins face-off versus Zenon Konopka in Harfangs zone.
2:40 of 2nd period - Snap shot by Andreas Nodl.
2:40 of 2nd period - Shot Misses the Net.
2:44 of 2nd period - Snap shot by Andreas Nodl.
2:44 of 2nd period - Stopped by Jeremy Duchesne with a rebound.
2:46 of 2nd period - Snap shot by Andreas Nodl.
2:46 of 2nd period - Shot Misses the Net.
2:48 of 2nd period - Slapshot by Christian Hanson.
2:48 of 2nd period - Shot Misses the Net.
3:07 of 2nd period - Backhand shot by Matt Calvert.
3:07 of 2nd period - Shot Blocked by Andrew Orpik.
4:06 of 2nd period - Nigel Williams is hit by Calle Jarnkrok and loses puck.
4:27 of 2nd period - Snap shot by Fedor Fedorov.
4:27 of 2nd period - Stopped by Jeremy Duchesne without a rebound.
4:28 of 2nd period - Brandon Pirri wins face-off versus Zenon Konopka in Harfangs zone.
4:28 of 2nd period - Brandon Pirri is hit by Dwight King.
5:36 of 2nd period - Snap shot by Andrew Gordon.
5:36 of 2nd period - Stopped by Jeremy Duchesne without a rebound.
5:37 of 2nd period - Zenon Konopka wins face-off versus Calle Jarnkrok in Harfangs zone.
5:42 of 2nd period - Snap shot by Zenon Konopka.
5:42 of 2nd period - Stopped by Jeremy Duchesne with a rebound.
5:44 of 2nd period - Slapshot by Dwight King.
5:44 of 2nd period - Stopped by Jeremy Duchesne without a rebound.
5:45 of 2nd period - Alex Killorn wins face-off versus Christian Hanson in Harfangs zone.
6:35 of 2nd period - Wrist shot by Mike Hoffman.
6:35 of 2nd period - Shot Misses the Net.
6:37 of 2nd period - Slapshot by Mike Hoffman.
6:37 of 2nd period - Deflect By Timothy Kunes.
6:37 of 2nd period - Shot Blocked by Timothy Kunes.
6:37 of 2nd period - Puck is out of play.
6:38 of 2nd period - Christian Hanson wins face-off versus Brandon Pirri in Patriotes zone.
7:10 of 2nd period - Wrist shot by Zenon Konopka.
7:10 of 2nd period - Goal by Zenon Konopka - Patriotes : 2 - Harfangs : 4.
7:11 of 2nd period - Alex Killorn wins face-off versus Christian Hanson in neutral zone.
7:14 of 2nd period - Tyler Myers is hit by Alexandre Picard and loses puck.
7:27 of 2nd period - Slapshot by A.J Thelen.
7:27 of 2nd period - Shot Blocked by Alexandre Picard.
8:02 of 2nd period - Ryan White is hit by Cam Fowler and loses puck.
8:03 of 2nd period - Ryan White from Patriotes is injured at 8:03 of 2nd period (Torn Right Knee Ligaments).
8:04 of 2nd period - Calle Jarnkrok wins face-off versus Christian Hanson in Patriotes zone.
8:05 of 2nd period - Wrist shot by Tomas Tatar.
8:05 of 2nd period - Shot Hit the Post.
8:07 of 2nd period - Slapshot by Andrew Orpik.
8:07 of 2nd period - Stopped by Jason Missiaen with a rebound.
8:09 of 2nd period - Slapshot by Andrew Orpik.
8:09 of 2nd period - Shot Blocked by Ryan Wilson.
8:11 of 2nd period - Slapshot by Brian Lashoff.
8:11 of 2nd period - Shot Blocked by Andreas Nodl.
8:13 of 2nd period - Slapshot by Andrew Orpik.
8:13 of 2nd period - Shot Misses the Net.
8:15 of 2nd period - Slapshot by Andrew Orpik.
8:15 of 2nd period - Shot Blocked by Christian Hanson.
9:08 of 2nd period - Minor Penalty to Joakim Andersson for Hooking.
9:09 of 2nd period - Alex Killorn wins face-off versus Andreas Nodl in Patriotes zone.
9:14 of 2nd period - Slapshot by Chris Kreider.
9:14 of 2nd period - Stopped by Jason Missiaen with a rebound.
9:16 of 2nd period - Snap shot by Alex Killorn.
9:16 of 2nd period - Stopped by Jason Missiaen with a rebound.
9:18 of 2nd period - Wrist shot by Chris Kreider.
9:18 of 2nd period - Shot Misses the Net.
9:20 of 2nd period - Slapshot by Victor Bartley.
9:20 of 2nd period - Deflect By Ryan Wilson.
9:20 of 2nd period - Stopped by Jason Missiaen without a rebound.
9:21 of 2nd period - Andreas Nodl wins face-off versus Petri Kontiola in Patriotes zone.
9:57 of 2nd period - Christian Hanson is hit by Andrew Orpik and loses puck.
11:08 of 2nd period - Penalty to Joakim Andersson is over, Joakim Andersson is back on ice.
11:22 of 2nd period - Timothy Kunes is hit by Victor Bartley and loses puck.
12:32 of 2nd period - Icing by Melker Karlsson.
12:33 of 2nd period - Tomas Tatar wins face-off versus Ryan Spooner in Patriotes zone.
12:44 of 2nd period - Slapshot by Matt Calvert.
12:44 of 2nd period - Shot Misses the Net.
12:46 of 2nd period - Slapshot by Anthony Bitetto.
12:46 of 2nd period - Deflect By Matt Calvert.
12:46 of 2nd period - Shot Blocked by Victor Bartley.
12:46 of 2nd period - Puck is out of play.
12:47 of 2nd period - Fedor Fedorov wins face-off versus Petri Kontiola in Harfangs zone.
12:56 of 2nd period - Tyler Myers is hit by Stefan Ruzicka and loses puck.
13:19 of 2nd period - Slapshot by Matt Calvert.
13:19 of 2nd period - Shot Misses the Net.
13:21 of 2nd period - Slapshot by A.J Thelen.
13:21 of 2nd period - Shot Misses the Net.
13:23 of 2nd period - Snap shot by Zack Stortini.
13:23 of 2nd period - Goal by Zack Stortini - Patriotes : 3 - Harfangs : 4.
13:24 of 2nd period - Alex Killorn wins face-off versus Christian Hanson in neutral zone.
13:29 of 2nd period - Fedor Fedorov is hit by Alex Killorn and loses puck.
14:13 of 2nd period - Snap shot by Matt Calvert.
14:13 of 2nd period - Shot Misses the Net.
14:41 of 2nd period - Wrist shot by Tomas Tatar.
14:41 of 2nd period - Shot Blocked by Joe Charlebois.
15:22 of 2nd period - Slapshot by Andrew Orpik.
15:22 of 2nd period - Stopped by Jason Missiaen with a rebound.
16:34 of 2nd period - Brian Lashoff is hit by Andrew Gordon.
17:10 of 2nd period - Slapshot by Brett Skinner.
17:10 of 2nd period - Stopped by Jeremy Duchesne with a rebound.
17:12 of 2nd period - Snap shot by Ryan Wilson.
17:12 of 2nd period - Deflect By Stefan Ruzicka.
17:12 of 2nd period - Stopped by Jeremy Duchesne with a rebound.
17:24 of 2nd period - Wrist shot by Tomas Tatar.
17:24 of 2nd period - Shot Misses the Net.
17:30 of 2nd period - Snap shot by Tomas Tatar.
17:30 of 2nd period - Shot Misses the Net.
18:37 of 2nd period - Andreas Nodl is hit by Tomas Tatar and loses puck.
18:56 of 2nd period - Tyler Myers is hit by Alex Killorn and loses puck.
19:51 of 2nd period - Chris Kreider is hit by Fedor Fedorov and loses puck.
Goals for this period are 2 for Patriotes vs 1 for Harfangs.
Shots for this period are 14 for Patriotes vs 6 for Harfangs.

3rd period


0:01 of 3rd period - Calle Jarnkrok wins face-off versus Christian Hanson in neutral zone.
0:47 of 3rd period - Wrist shot by Melker Karlsson.
0:47 of 3rd period - Stopped by Jeremy Duchesne with a rebound.
1:13 of 3rd period - Off-side.
1:14 of 3rd period - Joakim Andersson wins face-off versus Petri Kontiola in neutral zone.
1:39 of 3rd period - Cam Fowler is hit by Fedor Fedorov and loses puck.
2:05 of 3rd period - Minor Penalty to Melker Karlsson for Roughing.
2:06 of 3rd period - Petri Kontiola wins face-off versus Andreas Nodl in Patriotes zone.
2:07 of 3rd period - Slapshot by Stefan Ruzicka.
2:07 of 3rd period - Stopped by Jason Missiaen with a rebound.
2:09 of 3rd period - Slapshot by Andrew Orpik.
2:09 of 3rd period - Deflect By Peter Olvecky.
2:09 of 3rd period - Shot Misses the Net.
2:09 of 3rd period - Puck is out of play.
2:10 of 3rd period - Andreas Nodl wins face-off versus Petri Kontiola in Patriotes zone.
2:10 of 3rd period - Andreas Nodl is hit by Stefan Ruzicka.
2:25 of 3rd period - Wrist shot by Brian Lashoff.
2:25 of 3rd period - Goal by Brian Lashoff - Patriotes : 3 - Harfangs : 5.
2:26 of 3rd period - Christian Hanson wins face-off versus Brandon Pirri in neutral zone.
2:41 of 3rd period - Wrist shot by Peter Olvecky.
2:41 of 3rd period - Stopped by Jason Missiaen with a rebound.
3:21 of 3rd period - Wrist shot by Brett Skinner.
3:21 of 3rd period - Deflect By Matt Calvert.
3:21 of 3rd period - Goal by Matt Calvert - Patriotes : 4 - Harfangs : 5.
3:22 of 3rd period - Petri Kontiola wins face-off versus Christian Hanson in neutral zone.
3:47 of 3rd period - Andrew Gordon is hit by Peter Olvecky and loses puck.
4:08 of 3rd period - Backhand shot by Cam Fowler.
4:08 of 3rd period - Shot Blocked by Zack Stortini.
4:16 of 3rd period - Tomas Tatar is hit by Zack Stortini and loses puck.
4:31 of 3rd period - Wrist shot by Cam Fowler.
4:31 of 3rd period - Shot Blocked by Joe Charlebois.
4:39 of 3rd period - Icing by Cam Fowler.
4:40 of 3rd period - Alex Killorn wins face-off versus Christian Hanson in Harfangs zone.
4:40 of 3rd period - Alex Killorn is hit by Fedor Fedorov.
4:53 of 3rd period - Minor Penalty to Ryan Wilson for Slashing.
4:54 of 3rd period - Alex Killorn wins face-off versus Andrew Gordon in Patriotes zone.
5:29 of 3rd period - Snap shot by Victor Bartley.
5:29 of 3rd period - Stopped by Jason Missiaen without a rebound.
5:30 of 3rd period - Alex Killorn wins face-off versus Fedor Fedorov in Patriotes zone.
5:41 of 3rd period - Wrist shot by Mats Zuccarello.
5:41 of 3rd period - Shot Blocked by Christian Hanson.
6:03 of 3rd period - Snap shot by Stefan Ruzicka.
6:03 of 3rd period - Stopped by Jason Missiaen with a rebound.
6:05 of 3rd period - Slapshot by Victor Bartley.
6:05 of 3rd period - Shot Misses the Net.
6:53 of 3rd period - Penalty to Ryan Wilson is over, Ryan Wilson is back on ice.
7:09 of 3rd period - Wrist shot by Mike Hoffman.
7:09 of 3rd period - Shot Misses the Net.
7:11 of 3rd period - Wrist shot by Tomas Tatar.
7:11 of 3rd period - Goal by Tomas Tatar - Patriotes : 4 - Harfangs : 6.
7:12 of 3rd period - Brandon Pirri wins face-off versus Christian Hanson in neutral zone.
7:15 of 3rd period - Snap shot by Peter Olvecky.
7:15 of 3rd period - Stopped by Jason Missiaen with a rebound.
7:17 of 3rd period - Slapshot by Victor Bartley.
7:17 of 3rd period - Shot Blocked by Tyler Myers.
7:19 of 3rd period - Wrist shot by Michal Repik.
7:19 of 3rd period - Stopped by Jason Missiaen with a rebound.
7:21 of 3rd period - Slapshot by Peter Olvecky.
7:21 of 3rd period - Stopped by Jason Missiaen with a rebound.
7:37 of 3rd period - Andreas Nodl is hit by Victor Bartley and loses puck.
7:46 of 3rd period - Slapshot by Mats Zuccarello.
7:46 of 3rd period - Shot Misses the Net.
7:48 of 3rd period - Wrist shot by Mats Zuccarello.
7:48 of 3rd period - Stopped by Jason Missiaen without a rebound.
7:49 of 3rd period - Zenon Konopka wins face-off versus Petri Kontiola in Patriotes zone.
8:02 of 3rd period - Wrist shot by Zenon Konopka.
8:02 of 3rd period - Stopped by Jeremy Duchesne without a rebound.
8:03 of 3rd period - Brandon Pirri wins face-off versus Zenon Konopka in Harfangs zone.
8:08 of 3rd period - Dwight King is hit by Brandon Pirri and loses puck.
8:17 of 3rd period - Slapshot by A.J Thelen.
8:17 of 3rd period - Deflect By Alexandre Picard.
8:17 of 3rd period - Stopped by Jeremy Duchesne without a rebound.
8:18 of 3rd period - Petri Kontiola wins face-off versus Christian Hanson in Harfangs zone.
8:45 of 3rd period - Calle Jarnkrok is hit by Zenon Konopka and loses puck.
10:16 of 3rd period - Snap shot by Fedor Fedorov.
10:16 of 3rd period - Deflect By Christian Hanson.
10:16 of 3rd period - Stopped by Jeremy Duchesne with a rebound.
10:22 of 3rd period - Alex Killorn is hit by Timothy Kunes and loses puck.
10:31 of 3rd period - Snap shot by Christian Hanson.
10:31 of 3rd period - Deflect By Andreas Nodl.
10:31 of 3rd period - Stopped by Jeremy Duchesne with a rebound.
10:53 of 3rd period - Wrist shot by Fedor Fedorov.
10:53 of 3rd period - Stopped by Jeremy Duchesne without a rebound.
10:54 of 3rd period - Petri Kontiola wins face-off versus Zenon Konopka in Harfangs zone.
11:39 of 3rd period - Peter Olvecky is hit by Tyler Myers and loses puck.
12:42 of 3rd period - Snap shot by Brett Skinner.
12:42 of 3rd period - Deflect By Peter Olvecky.
12:42 of 3rd period - Stopped by Jeremy Duchesne with a rebound.
13:04 of 3rd period - Icing by Joakim Andersson.
13:05 of 3rd period - Brandon Pirri wins face-off versus Christian Hanson in Patriotes zone.
13:38 of 3rd period - Snap shot by Zenon Konopka.
13:38 of 3rd period - Deflect By Cam Fowler.
13:38 of 3rd period - Stopped by Jeremy Duchesne with a rebound.
14:50 of 3rd period - Minor Penalty to Brian Lashoff for Holding.
14:51 of 3rd period - Petri Kontiola wins face-off versus Christian Hanson in Harfangs zone.
14:58 of 3rd period - Snap shot by Andreas Nodl.
14:58 of 3rd period - Shot Misses the Net.
16:50 of 3rd period - Penalty to Brian Lashoff is over, Brian Lashoff is back on ice.
16:51 of 3rd period - Brian Lashoff is hit by Joakim Andersson.
17:03 of 3rd period - Snap shot by Alex Killorn.
17:03 of 3rd period - Shot Misses the Net.
17:42 of 3rd period - Slapshot by Timothy Kunes.
17:42 of 3rd period - Stopped by Jeremy Duchesne without a rebound.
17:43 of 3rd period - Christian Hanson wins face-off versus Tomas Tatar in Harfangs zone.
17:44 of 3rd period - Snap shot by Andreas Nodl.
17:44 of 3rd period - Stopped by Jeremy Duchesne without a rebound.
17:45 of 3rd period - Mike Hoffman wins face-off versus Christian Hanson in Harfangs zone.
17:54 of 3rd period - Wrist shot by Victor Bartley.
17:54 of 3rd period - Shot Blocked by Fedor Fedorov.
18:16 of 3rd period - Minor Penalty to Victor Bartley for Interference.
18:17 of 3rd period - Christian Hanson wins face-off versus Petri Kontiola in Harfangs zone.
18:20 of 3rd period - Minor Penalty to Fedor Fedorov for Elbowing.
18:21 of 3rd period - Petri Kontiola wins face-off versus Andrew Gordon in Patriotes zone.
18:21 of 3rd period - Slapshot by Stefan Ruzicka.
18:21 of 3rd period - Stopped by Jason Missiaen without a rebound.
18:22 of 3rd period - Andreas Nodl wins face-off versus Petri Kontiola in Patriotes zone.
18:31 of 3rd period - Slapshot by Tyler Myers.
18:31 of 3rd period - Shot Blocked by Alexandre Picard.
18:33 of 3rd period - Slapshot by Tyler Myers.
18:33 of 3rd period - Deflect By Stefan Ruzicka.
18:33 of 3rd period - Stopped by Jeremy Duchesne without a rebound.
18:34 of 3rd period - Andreas Nodl wins face-off versus Alex Killorn in Harfangs zone.
18:37 of 3rd period - Snap shot by Andrew Gordon.
18:37 of 3rd period - Shot Misses the Net.
19:23 of 3rd period - Backhand shot by Joakim Andersson.
19:23 of 3rd period - Shot Blocked by Andrew Orpik.
19:29 of 3rd period - Slapshot by A.J Thelen.
19:29 of 3rd period - Deflect By Alexandre Picard.
19:29 of 3rd period - Stopped by Jeremy Duchesne with a rebound.
19:42 of 3rd period - Icing by Tyler Myers.
19:43 of 3rd period - Ryan Spooner wins face-off versus Alex Killorn in Patriotes zone.
19:48 of 3rd period - Alexandre Picard is hit by Tyler Myers and loses puck.
Goals for this period are 1 for Patriotes vs 2 for Harfangs.
Shots for this period are 13 for Patriotes vs 11 for Harfangs.